 Dungeon Crawl Stone Soup version 0.31.0-9-g3a7656b989 (webtiles) character file.

Game seed: 9712688684664694868

172 groovy9 the Shooter (level 5, 0/32 HPs)
             Began as a Deep Elf Hunter on Jan 25, 2024.
             Slain by a sky beast (5 damage)
             ... on level 3 of the Dungeon.
             The game lasted 00:04:19 (1974 turns).

groovy9 the Shooter (Deep Elf Hunter)               Turns: 1974, Time: 00:04:19

Health: 0/32       AC:  6    Str:  8    XL:     5   Next: 27%
Magic:  7/7        EV: 12    Int: 14    God:
Gold:   149        SH:  0    Dex: 20    Spells: 4/4 levels left

rFire   . . .        f - +0 whip
rCold   . . .        (no shield)
rNeg    . . .        c - +0 leather armour
rPois   .            (no helmet)
rElec   .            (no cloak)
rCorr   .            l - +1 pair of gloves
SInv    .            h - +0 pair of boots
Will    .....        (no amulet)
Stlth   ++           (no ring)
HPRegen 0.25/turn    (no ring)
MPRegen 0.10/turn

%: no passive effects
@: hasted, very quick
A: no striking features
a: no special abilities


You were on level 3 of the Dungeon.
You visited 1 branch of the dungeon, and saw 3 of its levels.

You collected 149 gold pieces.

Inventory:

Hand Weapons
 a - a +0 shortbow
 f - a +0 whip (weapon)
Armour
 c - a +0 leather armour (worn)
 h - a +0 pair of boots (worn)
 l - a +1 pair of gloves (worn)
Magical Staves
 i - a staff of fire
Scrolls
 b - a scroll of butterflies
 d - 4 scrolls of identify {unknown}
 e - a scroll of teleportation {unknown}
 g - a scroll of enchant weapon {unknown}
 m - 2 scrolls of vulnerability {unknown}
Potions
 j - a potion of invisibility {unknown}
 k - a potion of heal wounds {unknown}
 n - a potion of magic {unknown}
 p - a potion of cancellation


   Skills:
 + Level 2.9 Fighting
 * Level 7.7 Ranged Weapons
 - Level 2.4 Dodging
 - Level 1.2 Stealth


You had 4 spell levels left.
You didn't know any spells.
Your spell library contained the following spells:

 Spells                   Type           Power      Damage    Failure   Level
 Hailstorm                Conj/Ice       0%         3d5       77%         3
 Summon Ice Beast         Ice/Summ       0%         N/A       77%         3
 Sculpt Simulacrum        Ice/Alch       0%         N/A       100%        6


Dungeon Overview and Level Annotations

Branches:
Dungeon (3/15)

Altars:
Qazlal


Message History

The sky beast flickers out of sight!
Deactivating autopickup; reactivate with Ctrl-A.
f - a +0 whip (weapon)
Something hits you but does no damage.
You hit something but do no damage. Something hits you but does no damage.
You completely miss something. Something hits you. Something shocks you.
You barely miss something. Something hits you. Something shocks you.
You hit something.
A sky beast appears from thin air!
Reactivating autopickup.
The sky beast hits you but does no damage.
You closely miss the sky beast.
The sky beast is moderately wounded.
The sky beast closely misses you.
You closely miss the sky beast.
The sky beast is moderately wounded.
The sky beast hits you. The sky beast shocks you.
The sky beast barely misses you.
You hit the sky beast but do no damage.
The sky beast is moderately wounded.
The sky beast closely misses you.
It was a potion of cancellation.
You feel magically purged. The sky beast closely misses you.
It was a potion of haste.
You feel yourself speed up. The sky beast misses you.
You hit the sky beast but do no damage.
The sky beast is moderately wounded.
You hit the sky beast but do no damage.
The sky beast is moderately wounded.
The sky beast hits you but does no damage.
You miss the sky beast.
The sky beast is moderately wounded.
The sky beast hits you. The sky beast shocks you.
* * * LOW HITPOINT WARNING * * *
You closely miss the sky beast.
The sky beast is moderately wounded.
The sky beast flickers out of sight!
Deactivating autopickup; reactivate with Ctrl-A.
Something hits you.
* * * LOW HITPOINT WARNING * * *
Something shocks you.
You die...

#.....# #.....#
#.....# #.....#
#.#..##
########.#..###
#........#....#
##.########.##.###
#@..# #.......
#...{#.# #.......
#........ #.......
#....#.#... #.......
#...#...#..###.......
#..# ....#.##........
#.(. ._..............
#..# ./..#.###.......
. #.......


There were no monsters in sight!

Vanquished Creatures
  A bombardier beetle (D:3)
  Natasha (twice) (D:3)
  An orc wizard (D:3)
  An adder (D:3)
  A ribbon worm (D:3)
  3 orcs (D:3)
  A ball python (D:2)
  5 endoplasms
  4 giant cockroaches
  2 goblins
  10 hobgoblins
  5 kobolds
  A quokka (D:3)
  4 bats
  5 frilled lizards
  4 rats
50 creatures vanquished.

Notes
Turn   | Place    | Note
-------+----------+-------------------------------------------
     0 | D:1      | groovy9 the Deep Elf Hunter began the quest for the Orb.
     0 | D:1      | Reached XP level 1. HP: 12/12 MP: 3/3
   185 | D:1      | Reached XP level 2. HP: 17/17 MP: 4/4
   290 | D:1      | Reached skill level 6 in Ranged Weapons
   993 | D:2      | Reached XP level 3. HP: 21/21 MP: 5/5
  1552 | D:3      | Reached XP level 4. HP: 15/27 MP: 6/6
  1591 | D:3      | Noticed Natasha
  1598 | D:3      | Killed Natasha
  1599 | D:3      | Reached skill level 7 in Ranged Weapons
  1821 | D:3      | Noticed Natasha
  1836 | D:3      | Reached XP level 5. HP: 31/32 MP: 7/7
  1846 | D:3      | Killed Natasha
  1955 | D:3      | Found a stormy altar of Qazlal.
  1955 | D:3      | Noticed a sky beast
  1974 | D:3      | Slain by a sky beast

Illustrated notes

Levels and vault maps discovered:
D:1:      ebering_trefoil_3fold, layout_basic
D:2:      layout_loops_corners
D:3:      layout_rooms, nicolae_qazlal_beasts_of_the_sky, uniq_natasha

Skill      XL: |  1  2  3  4 |
---------------+-------------+-----
Ranged Weapons | 6 7 |  7.7
Fighting       | 2 |  2.9
Dodging        | |  2.4
Stealth        | |  1.2

Action                     |  1- 3 |  4- 6 || total
---------------------------+-------+-------++-------
  Melee: Whip              |       |    14 ||    14
   Fire: Shortbow          |    88 |    65 ||   153
    Use: Potion            |       |     2 ||     2
 Armour: Leather armour    |     9 |    40 ||    49
  Dodge: Dodged            |    13 |    30 ||    43
